 Dungeon Crawl Stone Soup version 0.30-a0-1082-g70414cbcbb (webtiles) character file.

Game seed: 933580245016921766

1181 lorenzova the Thaumaturge (level 8, -2/41 HPs)
             Began as a Deep Elf Conjurer on Apr 15, 2023.
             Slain by a vampire (12 damage)
             ... on level 5 of the Dungeon.
             The game lasted 00:10:27 (6296 turns).

lorenzova the Thaumaturge (Deep Elf Conjurer)       Turns: 6296, Time: 00:10:28

Health: -2/41      AC:  2    Str:  4    XL:     8   Next: 19%
Magic:  27/32      EV: 12    Int: 30    God:
Gold:   231        SH:  0    Dex: 13    Spells: 15/26 levels left

rFire   + . .      SeeInvis .    s - +2 short sword (elec)
rCold   . . .      Faith    .    (no shield)
rNeg    . . .      Spirit   .    y - +0 robe "Letusa Kane" {MP+9 Int+4}
rPois   .          Reflect  .    (no helmet)
rElec   .          Rampage  .    (no cloak)
rCorr   .                        (no gloves)
Will    .....                    (no boots)
Stlth   ++                       (no amulet)
HPRegen 0.26/turn                f - ring of protection from fire
MPRegen 0.23/turn                (no ring)

@: no status effects
A: no striking features
a: no special abilities


You were on level 5 of the Dungeon.
You visited 1 branch of the dungeon, and saw 5 of its levels.

You collected 231 gold pieces.

Inventory:

Hand Weapons
 s - a +2 short sword of electrocution (weapon)
Armour
 q - a +2 robe of willpower
 x - a +0 leather armour of positive energy
 y - the +0 robe "Letusa Kane" (worn) {MP+9 Int+4}
   (You found it on level 4 of the Dungeon)

   Int:       It affects your intelligence (+4).
   MP:        It affects your magic capacity (+9).
Jewellery
 a - an amulet of magic regeneration
 f - a ring of protection from fire (left hand)
Scrolls
 c - a scroll of vulnerability
 e - a scroll of identify
 g - 2 scrolls of fear
 h - a scroll of teleportation
 i - a scroll of enchant armour {unknown}
 n - 2 scrolls of enchant weapon {unknown}
 p - a scroll of immolation {unknown}
 r - a scroll of butterflies {unknown}
 v - a scroll of blinking {unknown}
Potions
 b - a potion of magic
 d - a potion of might
 j - a potion of haste
 k - 3 potions of curing
 l - 2 potions of berserk rage {unknown}
 m - 3 potions of attraction
 o - a potion of brilliance {unknown}
 t - a potion of mutation {unknown}
 u - a potion of lignification {unknown}
 w - a potion of degeneration {unknown}


   Skills:
 - Level 2.4 Dodging
 - Level 2.4 Stealth
 * Level 9.5 Spellcasting
 * Level 8.8 Conjurations
 + Level 0.0 Hexes
 + Level 0.0 Translocations


You had 15 spell levels left.
You knew the following spells:

 Your Spells              Type           Power      Damage    Failure   Level
a - Magic Dart            Conj           100%       1d8       1%          1
b - Searing Ray           Conj           100%       2d8       1%          2
c - Iskenderun's Mystic   Conj/Tloc      40%        2d9       6%          4
d - Fulminant Prism       Conj/Hex       20%        3d12      6%          4

Your spell library contained the following spells:

 Spells                   Type           Power      Damage    Failure   Level
 Dazzling Flash           Conj/Hex       80%        N/A       1%          3
 Stone Arrow              Conj/Erth      80%        3d12      1%          3
 Sandblast                Erth           28%        2d8       3%          1
 Mephitic Cloud           Conj/Pois/Air  31%        N/A       3%          3
 Call Imp                 Summ           28%        N/A       5%          2
 Lesser Beckoning         Tloc           28%        N/A       5%          2
 Passwall                 Tmut/Erth      11%        N/A       5%          2
 Gell's Gravitas          Tloc           14%        N/A       11%         3
 Teleport Other           Tloc           14%        N/A       11%         3
 Irradiate                Conj/Tmut      20%        3d18      17%         5
 Blade Hands              Tmut           7%         N/A       71%         5
 Dragon Form              Tmut           7%         N/A       100%        7


Dungeon Overview and Level Annotations

Branches:
Dungeon (5/15)
 Temple: D:4-7

Altars:
Dithmenos
Gozag
Hepliaklqana
Makhleb
Nemelex Xobeh
Okawaru
Yredelemnul
Zin

Shops:
D:2 *


Message History

Aim: a vampire (wandering, hasn't noticed you, 100% to hit)
The magic dart hits the vampire but does no damage.
Unknown command.
Casting: Magic Dart (safe; 1% risk of failure)
Confirm with . or Enter, or press ? or * to list all spells.
Aiming: Magic Dart (safe; 1% risk of failure)
Press: ? - help, Shift-Dir - straight line, f/p - vampire
Aim: a vampire (100% to hit)
The magic dart hits the vampire.
The vampire is lightly damaged.
Unknown command.
Casting: Magic Dart (safe; 1% risk of failure)
Confirm with . or Enter, or press ? or * to list all spells.
You can't see any susceptible monsters within range! (Use Z to cast anyway.)
Casting: Magic Dart (safe; 1% risk of failure)
Confirm with . or Enter, or press ? or * to list all spells.
Aiming: Magic Dart (safe; 1% risk of failure)
Press: ? - help, Shift-Dir - straight line, f/p - vampire
Aim: a vampire (lightly damaged, 100% to hit)
The magic dart hits the vampire.
The vampire is moderately damaged.
Unknown command.
Casting: Magic Dart (safe; 1% risk of failure)
Confirm with . or Enter, or press ? or * to list all spells.
Aiming: Searing Ray (safe; 1% risk of failure)
Press: ? - help, Shift-Dir - straight line, f/p - vampire
Aim: a vampire (moderately damaged, 83% to hit)
The searing ray hits the vampire!
The vampire is heavily damaged. (Press . to maintain the ray.)
The vampire mumbles some strange words.
The vampire flickers and vanishes!
Deactivating autopickup; reactivate with Ctrl-A.
You finish channelling your searing ray.
Something hits you! Something bites you.
Something draws strength from your injuries!
Something hits you!
* * * LOW HITPOINT WARNING * * *
Something bites you!
You die...

.........>............# ##.#
........#.....[......## #.##
........##........###### #..##
........####.##..##≈≈~.## ##..#
........# #..#..###~~~.#####.#
....>...#####.#.###∩_...'.###.###
.................###~~~.#.......#
.....#...........##≈≈~.##########
.########.......@.####### .#
#............###.# .#
#..........#..<..# .#
#.(.^......####### ##
######.....# #######


There were no monsters in sight!

Vanquished Creatures
  Sigmund (D:2)
  A sky beast (D:3)
  2 ice beasts (D:5)
  2 scorpions
  A crimson imp (D:5)
  3 hounds
  Jessica (D:3)
  7 iguanas
  4 orc wizards
  Robin (D:3)
  4 adders
  An ufetubus (D:4)
  6 worms
  2 dart slugs
  13 orcs
  7 ball pythons
  5 endoplasms
  15 goblins
  6 hobgoblins
  4 jackals
  10 kobolds
  3 quokkas
  8 bats
  10 frilled lizards
  6 rats
123 creatures vanquished.

Vanquished Creatures (others)
  10 plants (D:4)
10 creatures vanquished.

Grand Total: 133 creatures vanquished

Notes
Turn   | Place    | Note
-------+----------+-------------------------------------------
     0 | D:1      | lorenzova the Deep Elf Conjurer began the quest for the
                  | Orb.
     0 | D:1      | Reached XP level 1. HP: 10/10 MP: 6/6
   144 | D:1      | Reached XP level 2. HP: 15/15 MP: 2/8
   650 | D:1      | Reached skill level 4 in Spellcasting
  1007 | D:2      | Reached skill level 5 in Conjurations
  1007 | D:2      | Reached XP level 3. HP: 19/19 MP: 6/10
  1836 | D:2      | Found Qeah's General Store.
  1897 | D:2      | Noticed Sigmund
  1902 | D:2      | Learned a level 2 spell: Searing Ray
  1920 | D:2      | Killed Sigmund
  1921 | D:2      | Reached skill level 6 in Spellcasting
  1921 | D:2      | Reached XP level 4. HP: 23/24 MP: 0/14
  1921 | D:2      | Reached XP level 5. HP: 26/28 MP: 0/15
  2475 | D:3      | Found a basalt altar of Yredelemnul.
  2626 | D:3      | Noticed Jessica
  2628 | D:3      | Killed Jessica
  2629 | D:3      | Reached XP level 6. HP: 32/32 MP: 14/17
  2653 | D:3      | Found an opulent altar of Gozag.
  3024 | D:3      | Noticed a sky beast
  3028 | D:3      | Killed a sky beast
  3415 | D:3      | Found a sparkling altar of Nemelex Xobeh.
  3468 | D:3      | Noticed Robin
  3474 | D:3      | Killed Robin
  3475 | D:3      | Reached skill level 7 in Spellcasting
  3590 | D:3      | Found an iron altar of Okawaru.
  4052 | D:4      | Reached XP level 7. HP: 36/36 MP: 13/20
  4473 | D:4      | Identified the +0 robe "Letusa Kane" {MP+9 Int+4}
  4693 | D:4      | Reached skill level 8 in Spellcasting
  4958 | D:5      | Entered Level 5 of the Dungeon
  5345 | D:5      | Reached skill level 9 in Spellcasting
  5450 | D:5      | Found a burning altar of Makhleb.
  5460 | D:5      | Reached XP level 8. HP: 40/41 MP: 14/23
  5669 | D:5      | Found a shadowy altar of Dithmenos.
  5946 | D:5      | Found a glowing silver altar of Zin.
  5955 | D:5      | Found a hazy altar of Hepliaklqana.
  6090 | D:5      | Learned a level 4 spell: Iskenderun's Mystic Blast
  6095 | D:5      | Learned a level 4 spell: Fulminant Prism
  6296 | D:5      | Slain by a vampire

Illustrated notes

Levels and vault maps discovered:
D:1:      wander_arrival_estate, layout_basic
D:2:      minmay_inner_zag, layout_basic, serial_shops, shop, uniq_sigmund
D:3:      layout_basic, nicolae_gozag_cash_rules_everything_around_me,
          mainiacjoe_overflow_alcove_2, mainiacjoe_overflow_two_lobes,
          uniq_jessica, uniq_robin
D:4:      layout_cave_pods, minmay_lizard_king
D:5:      layout_rooms, grunt_dithmenos_smoke_and_mirrors,
          mainiacjoe_overflow_swirl, makhleb_grotto_becter, kennysheep_potato

Skill      XL: |  1  2  3  4  5  6  7 |
---------------+----------------------+-----
Spellcasting   | 4 6 7 9 |  9.5
Conjurations   | 5 6 7 8 |  8.8
Dodging        | |  2.4
Stealth        | |  2.4

Action                     |  1- 3 |  4- 6 |  7- 9 || total
---------------------------+-------+-------+-------++-------
  Melee: Unarmed           |     2 |       |       ||     2
   Cast: Magic Dart        |    85 |    82 |    98 ||   265
         Searing Ray       |     2 |     4 |    12 ||    18
    Use: Scroll            |       |       |     6 ||     6
 Armour: Robe              |     2 |     4 |     4 ||    10
  Dodge: Dodged            |     9 |     3 |     8 ||    20

Table legend: (Time is in decaauts)
 A = Elapsed time spent in this place.
 B = Non-inter-level travel time spent in this place.
 C = Inter-level travel time spent in this place.
 D = Time resting spent in this place.
 E = Time spent auto-exploring this place.
 F = Levels seen in this place.
 G = Mean time per level.
                   A        B        C        D        E       F      G
               +--------+--------+--------+--------+--------+-----+--------+
         Total |   6296 |   6163 |    133 |   2746 |   2772 |   5 | 1259.2 |
       Dungeon |   6296 |   6163 |    133 |   2746 |   2772 |   5 | 1259.2 |
               +--------+--------+--------+--------+--------+-----+--------+

Top non-repeatable levels by time:
     D:3: 1488 daAuts
     D:2: 1444 daAuts
     D:5: 1304 daAuts
     D:4: 1192 daAuts
     D:1: 866 daAuts
